 Dungeon Crawl Stone Soup version 0.28.0-56-g4927b6849a (webtiles) character file.

Game seed: 13263283188259726167

63 jjjjhere the Skirmisher (level 3, 0/30 HPs)
             Began as a Demonspawn Brigand on Feb 1, 2023.
             Slain by Natasha (8 damage)
             ... on level 2 of the Dungeon.
             The game lasted 00:03:14 (1963 turns).

jjjjhere the Skirmisher (Demonspawn Brigand)        Turns: 1963, Time: 00:03:15

Health: 0/30       AC:  3    Str: 11    XL:     3   Next: 89%
Magic:  3/3        EV: 11    Int: 16    God:
Gold:   99         SH:  0    Dex: 14    Spells: 2/2 levels left

rFire   . . .      SeeInvis .   a - +2 dagger
rCold   . . .      Faith    .   (no shield)
rNeg    . . .      Spirit   .   b - +0 robe
rPois   .          Reflect  .   (no helmet)
rElec   .          Harm     .   c - +0 cloak
rCorr   .          Rampage  .   (no gloves)
Will    .....                   (no boots)
Stlth   ++........              (no amulet)
HPRegen 0.10/turn               (no ring)
MPRegen 0.08/turn               (no ring)

@: brilliant, flying, slowed, very slow
A: big brain 1
a: no special abilities


You were on level 2 of the Dungeon.
You visited 1 branch of the dungeon, and saw 2 of its levels.

You collected 99 gold pieces.

Inventory:

Hand Weapons
 a - a +2 dagger (weapon)
 f - a +0 club
Missiles
 d - 5 poisoned darts (quivered)
Armour
 b - a +0 robe (worn)
 c - a +0 cloak (worn)
Scrolls
 h - 2 scrolls of teleportation {unknown}
 k - 3 scrolls of vulnerability {unknown}


   Skills:
 + Level 4.2 Fighting
 - Level 1.7 Short Blades
 - Level 1.7 Throwing
 - Level 0.8 Dodging
 - Level 3.6 Stealth


You had 2 spell levels left.
You didn't know any spells.
Your spell library contained the following spells:

 Spells                   Type           Power      Damage    Failure   Level
 Dazzling Flash           Conj/Hex       0%         N/A       58%         3
 Iskenderun's Mystic Bla  Conj/Tloc      0%         2d3       94%         4
 Starburst                Conj/Fire      0%         6d3       100%        6


Dungeon Overview and Level Annotations

Branches:
Dungeon (2/15)

Altars:

Annotations:
D:2 1 runed translucent door, Crazy Yiuf, Natasha


Innate Abilities, Weirdness & Mutations

You have an unusually large brain. (Int +2)


Message History

It was a potion of flight.
You feel very buoyant.
You fly up into the air.
Natasha claws you but does no damage.
Natasha stares at you and mumbles some strange words.
The magic dart hits you!
You barely miss Natasha. Natasha claws you!
You closely miss Natasha.
Natasha stares at you and mumbles some strange words.
You resist with significant effort.
You hit Natasha.
Natasha is lightly wounded.
Natasha claws you but does no damage. Natasha closely misses you.
You closely miss Natasha.
Natasha is lightly wounded.
Natasha closely misses you.
Throw: 8 darts (poison)
Press: ? - help, Q - select action Shift-Dir - straight line, f - Natasha
Aim: Natasha (lightly wounded, 53% to hit)
You throw a poisoned dart.
The poisoned dart closely misses Natasha.
The poisoned dart hits the shadow imp.
The shadow imp is poisoned.
Natasha closely misses you. Natasha casts a spell at you.
You feel as though you will be slow longer.
Throw: 7 darts (poison)
Press: ? - help, Q - select action Shift-Dir - straight line, f/p - Natasha
Aim: Natasha (lightly wounded, 53% to hit)
You throw a poisoned dart. The poisoned dart hits Natasha.
Natasha is poisoned.
Natasha is lightly wounded.
Natasha claws you.
* * * LOW HITPOINT WARNING * * *
Throw: 6 darts (poison)
Press: ? - help, Q - select action Shift-Dir - straight line, f/p - Natasha
Aim: Natasha (moderately wounded, poisoned, 53% to hit)
You throw a poisoned dart. The poisoned dart hits Natasha.
Natasha looks even sicker.
Natasha is moderately wounded.
Natasha claws you!
You die...

#.#.#...#...#. #.#
#.#.#.####..#.
#.###.#....#.#..#.
#.##.........#..'.
#.##..#....###..##
#.##..#.#.#######.
#5##..#.#.........
#h##..#.########..
#@##..#...........
#.##..###.########
#.##..###.#
#.........#
####..##### #..#
## #..##### #.
#......#######.
##.##..........


You could see Natasha (very poisoned) and a shadow imp (summoned, poisoned).

Vanquished Creatures
  An adder (D:2)
  2 dart slugs
  2 bats (D:2)
  5 endoplasms
  2 giant cockroaches
  9 goblins
  7 jackals
  2 kobolds
  2 quokkas (D:1)
  2 ball pythons
  6 frilled lizards
  6 rats
46 creatures vanquished.

Vanquished Creatures (others)
  3 plants (D:1)
3 creatures vanquished.

Grand Total: 49 creatures vanquished

Notes
Turn   | Place    | Note
-------+----------+-------------------------------------------
     0 | D:1      | jjjjhere the Demonspawn Brigand began the quest for the
                  | Orb.
     0 | D:1      | Reached XP level 1. HP: 16/16 MP: 1/1
    48 | D:1      | HP: 4/16 [frozen (4)]
    76 | D:1      | HP: 4/16 [goblin/+0 club (1)]
    89 | D:1      | HP: 4/16 [goblin/+0 club (1)]
   109 | D:1      | HP: 2/17 [rat (3)]
   312 | D:1      | Gained mutation: You have an unusually large brain. (Int
                  | +2) [demonic ancestry]
   312 | D:1      | Reached XP level 2. HP: 14/23 MP: 2/2
   486 | D:1      | Reached skill level 3 in Fighting
   953 | D:1      | Found a faded altar of an unknown god.
  1087 | D:2      | Reached XP level 3. HP: 25/29 MP: 3/3
  1166 | D:2      | Found a runed translucent door.
  1167 | D:2      | Noticed Crazy Yiuf
  1439 | D:2      | Reached skill level 4 in Fighting
  1947 | D:2      | Noticed Natasha
  1962 | D:2      | HP: 8/30 [Natasha (5)]
  1963 | D:2      | Slain by Natasha

Illustrated notes

Levels and vault maps discovered:
D:1:      nicolae_arrival_washed_ashore, layout_rooms,
          chequers_ecumenical_altar_lobes
D:2:      minmay_chambers_of_twos, layout_loops_ring, serial_bayou_crossing,
          uniq_crazy_yiuf_cottage, uniq_natasha

Skill      XL: |  1  2  3 |
---------------+----------+-----
Fighting       | 3 4 |  4.2
Short Blades   | |  1.7
Throwing       | |  1.7
Dodging        | |  0.8
Stealth        | |  3.6

Action                   || total
-------------------------++-------
Melee: Dagger            ||   130
       Punch             ||     2
Throw: Dart              ||     6
  Use: Potion            ||     4
 Stab: Sleeping          ||     6
Armor: Robe              ||    46
Dodge: Dodged            ||    68
